General information
- name: BNet
- type: Ladder team game (AT/RT)
- host: Battle.net
- saver: RodTheGod
map: Deadlock
- players: 8
- length: 57:29
- speed: Fast
- version: 1.26 W3XP
- replay type: Public
» download(314 KB)
Players
team 1 (winner)

»
the_retarded (
red | 122 APM | 4364 actions | 35:37)
5 Warden
3 Shadow Strike
2 Blink
3 Demon Hunter
2 Mana Burn
1 Evasion
» actions
| Assign group hotkey | 231 | |
| Basic commands | 268 | |
| Build / train | 108 | |
| Enter build submenu | 20 | |
| Enter hero's abilities submenu | 8 | |
| Give item / drop item | 1 | |
| Remove unit from queue | 4 | |
| Right click | 1444 | |
| Select / deselect | 502 | |
| Select group hotkey | 1545 | |
| Use ability | 233 | |
4364 total
» units
| Wisp | 26 | |
| Archer | 24 | |
| Druid of the Claw | 7 | |
| Razormane Medicine Man | 1 | |
58 total
» upgrades
| Strength of the Moon | 3 | |
| Improved Bows | 1 | |
| Druid of the Claw Training | 2 | |
| Marksmanship | 1 | |
| Mark of the Claw | 1 | |
| Reinforced Hides | 1 | |
9 total
» buildings
| Altar of Elders | 1 | |
| Moon Well | 6 | |
| Ancient of War | 1 | |
| Tree of Ages | 3 | |
| Hunter's Hall | 1 | |
| Ancient of Wonders | 2 | |
| Tree of Eternity | 1 | |
| Ancient of Lore | 2 | |
| Tree of Life | 2 | |
19 total
» build order
00:17 Altar of Elders
00:28 Moon Well
00:34 Ancient of War
01:31 Moon Well
03:13 Tree of Ages
03:14 Tree of Ages
04:05 Moon Well
04:12 Hunter's Hall
04:56 Ancient of Wonders
04:58 Ancient of Wonders
06:18 Tree of Eternity
07:06 Ancient of Lore
08:58 Ancient of Lore
09:04 Moon Well
15:08 Tree of Life
19:06 Moon Well
19:08 Moon Well
20:53 Tree of Life
» items
| Moonstone | 1 | |
| Staff of Preservation | 1 | |
| Potion of Healing | 2 | |
| Boots of Speed | 1 | |
| Staff of Teleportation | 1 | |
| Scroll of Town Portal | 5 | |
| Anti-magic Potion | 1 | |
| Orb of Venom | 2 | |
| Dust of Appearance | 1 | |
15 total

»
tendolla (
teal | 22 APM | 1275 actions | 57:29)
3 Demon Hunter
2 Mana Burn
1 Evasion
2 Priestess of the Moon
1 Trueshot Aura
1 Searing Arrows
» actions
| Assign group hotkey | 6 | |
| Basic commands | 4 | |
| Build / train | 93 | |
| Enter build submenu | 34 | |
| Enter hero's abilities submenu | 6 | |
| Right click | 617 | |
| Select / deselect | 396 | |
| Select group hotkey | 60 | |
| Use ability | 59 | |
1275 total
» units
| Wisp | 44 | |
| Archer | 19 | |
| Hippogryph | 8 | |
| Druid of the Talon | 5 | |
76 total
» upgrades
| Hippogryph Taming | 1 | |
| Strength of the Moon | 1 | |
| Strength of the Wild | 1 | |
| Improved Bows | 1 | |
| Marksmanship | 1 | |
| Druid of the Talon Training | 2 | |
7 total
» buildings
| Altar of Elders | 1 | |
| Moon Well | 6 | |
| Ancient of War | 1 | |
| Hunter's Hall | 2 | |
| Tree of Life | 4 | |
| Ancient of Wonders | 2 | |
| Tree of Ages | 1 | |
| Ancient Protector | 8 | |
| Ancient of Wind | 3 | |
| Tree of Eternity | 1 | |
29 total
» build order
00:08 Altar of Elders
00:24 Moon Well
00:51 Ancient of War
01:56 Moon Well
02:46 Hunter's Hall
03:19 Hunter's Hall
04:02 Tree of Life
04:31 Ancient of Wonders
04:35 Moon Well
05:34 Tree of Life
05:53 Tree of Ages
06:21 Moon Well
07:24 Moon Well
09:04 Ancient Protector
09:08 Ancient Protector
09:36 Ancient Protector
10:03 Ancient of Wind
12:57 Ancient of Wind
13:05 Ancient of Wonders
13:20 Ancient Protector
13:27 Ancient Protector
15:06 Tree of Eternity
15:14 Moon Well
18:36 Ancient of Wind
20:53 Tree of Life
22:07 Tree of Life
26:08 Ancient Protector
26:15 Ancient Protector
29:12 Ancient Protector
» items
Toews19x (
green | 31 APM | 1760 actions | 57:29)
5 Dreadlord
2 Sleep
3 Carrion Swarm
» actions
| Assign group hotkey | 42 | |
| Basic commands | 34 | |
| Build / train | 80 | |
| Enter build submenu | 24 | |
| Enter hero's abilities submenu | 5 | |
| Give item / drop item | 1 | |
| Right click | 739 | |
| Select / deselect | 612 | |
| Select group hotkey | 180 | |
| Use ability | 43 | |
1760 total
» units
| Acolyte | 13 | |
| Ghoul | 10 | |
| Gargoyle | 24 | |
47 total
» upgrades
| Creature Attack | 3 | |
| Creature Carapace | 3 | |
| Stone Form | 1 | |
| Web | 1 | |
8 total
» buildings
| Crypt | 4 | |
| Altar of Darkness | 1 | |
| Ziggurat | 8 | |
| Tomb of Relics | 1 | |
| Graveyard | 1 | |
| Nerubian Tower | 2 | |
| Halls of the Dead | 2 | |
| Spirit Tower | 5 | |
| Necropolis | 1 | |
| Black Citadel | 1 | |
26 total
» build order
00:16 Crypt
00:23 Altar of Darkness
00:37 Ziggurat
01:04 Tomb of Relics
01:16 Ziggurat
02:13 Graveyard
02:39 Nerubian Tower
05:49 Halls of the Dead
05:50 Halls of the Dead
05:52 Ziggurat
05:57 Ziggurat
05:58 Ziggurat
06:10 Spirit Tower
06:26 Ziggurat
06:33 Crypt
06:35 Crypt
07:11 Spirit Tower
07:13 Nerubian Tower
07:21 Spirit Tower
07:22 Spirit Tower
08:21 Spirit Tower
08:23 Ziggurat
08:33 Necropolis
09:46 Ziggurat
09:57 Black Citadel
17:51 Crypt
» items
| Rod of Necromancy | 1 | |
| Dust of Appearance | 1 | |
| Boots of Speed | 1 | |
| Orb of Corruption | 1 | |
| Scroll of Town Portal | 3 | |
| Potion of Healing | 1 | |
8 total
RodTheGod (
purple | 65 APM | 3730 actions | 57:29)
8 Archmage
3 Summon Water Elemental
3 Brilliance Aura
1 Mass Teleport
1 Blizzard
» actions
| Assign group hotkey | 84 | |
| Basic commands | 308 | |
| Build / train | 152 | |
| ESC pressed | 2 | |
| Enter build submenu | 39 | |
| Enter hero's abilities submenu | 8 | |
| Give item / drop item | 4 | |
| Right click | 1281 | |
| Select / deselect | 313 | |
| Select group hotkey | 1358 | |
| Use ability | 181 | |
3730 total
» units
| Peasant | 18 | |
| Footman | 6 | |
| Gryphon Rider | 9 | |
| Dragonhawk Rider | 5 | |
38 total
» upgrades
| Backpack | 1 | |
| Masonry | 3 | |
| Defend | 1 | |
| Lumber Harvesting | 2 | |
| Swords | 3 | |
| Animal War Training | 1 | |
| Armor | 3 | |
| Storm Hammers | 1 | |
| Cloud | 1 | |
16 total
» buildings
| Altar of Kings | 1 | |
| Barracks | 1 | |
| Farm | 11 | |
| Arcane Vault | 1 | |
| Town Hall | 1 | |
| Scout Tower | 16 | |
| Lumber Mill | 1 | |
| Keep | 2 | |
| Blacksmith | 1 | |
| Guard Tower | 40 | |
| Castle | 2 | |
| Gryphon Aviary | 4 | |
81 total
» build order
00:38 Altar of Kings
00:40 Barracks
00:51 Farm
01:09 Farm
01:46 Farm
02:10 Arcane Vault
02:31 Farm
03:50 Town Hall
03:53 Scout Tower
03:55 Scout Tower
04:01 Lumber Mill
05:20 Keep
05:21 Keep
06:13 Blacksmith
06:23 Farm
06:45 Guard Tower
06:45 Guard Tower
06:46 Guard Tower
06:49 Scout Tower
06:50 Scout Tower
06:51 Scout Tower
06:53 Scout Tower
06:53 Scout Tower
07:18 Guard Tower
07:19 Guard Tower
07:20 Guard Tower
07:20 Guard Tower
07:22 Guard Tower
07:22 Guard Tower
07:22 Guard Tower
07:25 Guard Tower
07:54 Castle
07:54 Castle
09:19 Guard Tower
09:19 Guard Tower
09:19 Guard Tower
09:20 Guard Tower
09:20 Guard Tower
09:20 Guard Tower
09:23 Guard Tower
09:24 Guard Tower
09:41 Gryphon Aviary
10:26 Gryphon Aviary
14:20 Scout Tower
14:22 Scout Tower
15:10 Guard Tower
15:10 Guard Tower
15:11 Guard Tower
15:14 Scout Tower
15:15 Scout Tower
15:15 Scout Tower
15:16 Scout Tower
15:17 Scout Tower
15:18 Scout Tower
15:23 Scout Tower
15:31 Farm
15:32 Farm
15:54 Guard Tower
15:55 Guard Tower
15:55 Guard Tower
17:18 Guard Tower
17:18 Guard Tower
17:18 Guard Tower
17:52 Gryphon Aviary
17:55 Gryphon Aviary
18:44 Farm
18:46 Farm
18:47 Farm
19:36 Farm
» items
| Scroll of Regeneration | 6 | |
| Mechanical Critter | 5 | |
| Scroll of Town Portal | 2 | |
| Ivory Tower | 6 | |
| Lesser Clarity Potion | 1 | |
| Periapt of Vitality | 1 | |
| Staff of Teleportation | 1 | |
| Potion of Lesser Invulnerability | 1 | |
| Boots of Speed | 1 | |
24 total
team 2 (loser)

»
LemmeTry (
orange | 59 APM | 1236 actions | 20:58)
3 Keeper of the Grove
2 Entangling Roots
1 Thorns Aura
3 Priestess of the Moon
2 Trueshot Aura
1 Searing Arrows
» actions
| Assign group hotkey | 13 | |
| Basic commands | 5 | |
| Build / train | 70 | |
| ESC pressed | 2 | |
| Enter build submenu | 19 | |
| Enter hero's abilities submenu | 6 | |
| Right click | 718 | |
| Select / deselect | 210 | |
| Select group hotkey | 135 | |
| Use ability | 58 | |
1236 total
» units
| Wisp | 18 | |
| Archer | 10 | |
| Faerie Dragon | 7 | |
| Hippogryph | 17 | |
52 total
» upgrades
| Improved Bows | 1 | |
| Strength of the Wild | 2 | |
| Hippogryph Taming | 1 | |
4 total
» buildings
| Altar of Elders | 2 | |
| Moon Well | 9 | |
| Ancient of War | 1 | |
| Ancient of Wonders | 1 | |
| Hunter's Hall | 1 | |
| Tree of Ages | 1 | |
| Ancient of Wind | 1 | |
| Ancient of Lore | 1 | |
| Ancient Protector | 1 | |
18 total
» build order
00:11 Altar of Elders
00:17 Moon Well
00:50 Ancient of War
01:35 Moon Well
01:58 Ancient of Wonders
02:47 Moon Well
03:11 Hunter's Hall
04:24 Tree of Ages
05:20 Moon Well
06:17 Moon Well
06:51 Ancient of Wind
06:56 Ancient of Lore
08:34 Ancient Protector
09:35 Moon Well
12:54 Moon Well
15:07 Moon Well
18:08 Altar of Elders
18:24 Moon Well
» items
| Scroll of Town Portal | 2 | |
| Lesser Clarity Potion | 1 | |
| Potion of Mana | 1 | |
4 total

»
GrandpaGimp (
yellow | 58 APM | 931 actions | 16:09)
3 Death Knight
2 Death Coil
1 Unholy Aura
» actions
| Assign group hotkey | 32 | |
| Basic commands | 86 | |
| Build / train | 41 | |
| Enter build submenu | 23 | |
| Enter hero's abilities submenu | 3 | |
| Right click | 376 | |
| Select / deselect | 180 | |
| Select group hotkey | 132 | |
| Use ability | 58 | |
931 total
» units
| Acolyte | 9 | |
| Ghoul | 4 | |
| Crypt Fiend | 10 | |
23 total
» upgrades
| Creature Carapace | 2 | |
| Burrow | 1 | |
| Web | 1 | |
4 total
» buildings
| Crypt | 2 | |
| Graveyard | 1 | |
| Ziggurat | 4 | |
| Altar of Darkness | 1 | |
| Tomb of Relics | 1 | |
| Halls of the Dead | 1 | |
| Black Citadel | 2 | |
| Spirit Tower | 3 | |
| Sacrificial Pit | 1 | |
16 total
» build order
00:11 Crypt
00:16 Graveyard
00:44 Ziggurat
01:19 Altar of Darkness
01:46 Ziggurat
02:30 Crypt
02:44 Tomb of Relics
04:47 Halls of the Dead
05:56 Ziggurat
08:02 Black Citadel
08:18 Ziggurat
10:26 Black Citadel
12:19 Spirit Tower
12:19 Spirit Tower
12:22 Spirit Tower
14:01 Sacrificial Pit
» items
| Rod of Necromancy | 1 | |
| Healing Salve | 1 | |
| Scroll of Town Portal | 2 | |
4 total
Streets_of_Fire (
pink | 48 APM | 2755 actions | 57:29)
10 Blademaster
3 Wind Walk
3 Critical Strike
1 Bladestorm
3 Mirror Image
» actions
| Assign group hotkey | 114 | |
| Basic commands | 200 | |
| Build / train | 95 | |
| Enter build submenu | 66 | |
| Enter hero's abilities submenu | 11 | |
| Remove unit from queue | 2 | |
| Right click | 1246 | |
| Select / deselect | 393 | |
| Select group hotkey | 420 | |
| Use ability | 208 | |
2755 total
» units
| Peon | 14 | |
| Grunt | 4 | |
| Wind Rider | 10 | |
| Troll Batrider | 6 | |
34 total
» upgrades
| Armor | 3 | |
| Ranged Weapons | 3 | |
| Reinforced Defenses | 1 | |
| Troll Regeneration | 1 | |
| Liquid Fire | 1 | |
| Envenomed Spears | 1 | |
10 total
» buildings
| Orc Burrow | 7 | |
| Altar of Storms | 1 | |
| Barracks | 1 | |
| Voodoo Lounge | 2 | |
| Stronghold | 1 | |
| Great Hall | 2 | |
| War Mill | 2 | |
| Beastiary | 3 | |
| Watch Tower | 44 | |
| Fortress | 1 | |
64 total
» build order
00:15 Orc Burrow
00:50 Altar of Storms
00:51 Barracks
01:04 Orc Burrow
01:43 Voodoo Lounge
02:54 Stronghold
03:55 Orc Burrow
04:38 Great Hall
04:53 War Mill
06:42 Beastiary
06:44 Beastiary
07:54 Watch Tower
07:54 Watch Tower
07:54 Watch Tower
07:55 Watch Tower
09:22 Fortress
11:31 Watch Tower
11:31 Watch Tower
11:32 Watch Tower
12:24 Watch Tower
12:24 Watch Tower
13:52 Beastiary
14:37 Watch Tower
14:39 Watch Tower
16:00 Orc Burrow
18:32 Watch Tower
18:32 Watch Tower
18:33 Watch Tower
18:33 Watch Tower
18:34 Watch Tower
18:35 Watch Tower
18:36 Watch Tower
22:03 Watch Tower
22:09 Watch Tower
22:10 Watch Tower
22:10 Watch Tower
24:54 Orc Burrow
24:54 Orc Burrow
24:58 Orc Burrow
25:12 Watch Tower
25:13 Watch Tower
25:13 Watch Tower
25:13 Watch Tower
25:14 Watch Tower
26:22 Great Hall
26:25 Watch Tower
26:26 Watch Tower
26:26 Watch Tower
26:26 Watch Tower
31:23 Watch Tower
31:24 Watch Tower
31:24 Watch Tower
31:24 Watch Tower
31:25 Watch Tower
31:45 Voodoo Lounge
31:59 Watch Tower
32:01 Watch Tower
32:04 Watch Tower
32:07 Watch Tower
35:34 War Mill
» items
| Healing Salve | 8 | |
| Scroll of Town Portal | 5 | |
| Potion of Healing | 8 | |
| Orb of Lightning | 1 | |
| Lesser Clarity Potion | 3 | |
| Potion of Mana | 5 | |
| Potion of Lesser Invulnerability | 3 | |
| Tiny Great Hall | 1 | |
| Periapt of Vitality | 1 | |
| Staff of Teleportation | 1 | |
36 total
REDBRICKROAD (
blue | 58 APM | 3030 actions | 52:18)
8 Blademaster
3 Wind Walk
3 Critical Strike
1 Bladestorm
1 Mirror Image
1 Shadow Hunter
1 Healing Wave
» actions
| Assign group hotkey | 51 | |
| Basic commands | 37 | |
| Build / train | 115 | |
| Enter build submenu | 28 | |
| Enter hero's abilities submenu | 9 | |
| Give item / drop item | 2 | |
| Remove unit from queue | 1 | |
| Right click | 1289 | |
| Select / deselect | 376 | |
| Select group hotkey | 868 | |
| Use ability | 254 | |
3030 total
» units
| Peon | 21 | |
| Wind Rider | 6 | |
| Troll Batrider | 17 | |
| Raider | 4 | |
48 total
» upgrades
| Reinforced Defenses | 1 | |
| Envenomed Spears | 1 | |
| Ranged Weapons | 3 | |
| Liquid Fire | 1 | |
| Armor | 3 | |
| Ensnare | 1 | |
| Melee Weapons | 1 | |
| Pillage | 1 | |
12 total
» buildings
| Altar of Storms | 1 | |
| Orc Burrow | 6 | |
| War Mill | 1 | |
| Voodoo Lounge | 2 | |
| Watch Tower | 24 | |
| Stronghold | 5 | |
| Fortress | 2 | |
| Beastiary | 3 | |
| Great Hall | 2 | |
| Ancient Protector | 4 | |
50 total
» build order
00:08 Altar of Storms
00:21 Orc Burrow
00:38 War Mill
01:13 Voodoo Lounge
01:53 Watch Tower
02:15 Watch Tower
03:06 Stronghold
03:06 Stronghold
03:07 Stronghold
03:28 Orc Burrow
03:51 Orc Burrow
04:53 Orc Burrow
04:57 Watch Tower
05:28 Fortress
05:31 Beastiary
05:46 Beastiary
06:08 Watch Tower
06:12 Watch Tower
10:03 Orc Burrow
11:27 Watch Tower
11:27 Watch Tower
11:28 Watch Tower
11:28 Watch Tower
11:30 Watch Tower
12:35 Watch Tower
14:10 Watch Tower
14:10 Watch Tower
14:17 Great Hall
15:41 Watch Tower
15:41 Watch Tower
15:41 Watch Tower
19:02 Beastiary
19:44 Watch Tower
19:44 Watch Tower
20:59 Watch Tower
20:59 Watch Tower
21:40 Orc Burrow
22:26 Ancient Protector
22:26 Ancient Protector
22:27 Ancient Protector
22:28 Ancient Protector
24:29 Great Hall
25:43 Watch Tower
25:43 Watch Tower
25:44 Watch Tower
25:44 Watch Tower
25:46 Voodoo Lounge
» items
| Healing Salve | 5 | |
| Lesser Clarity Potion | 4 | |
| Staff of Teleportation | 2 | |
| Orb of Lightning | 1 | |
| Tiny Great Hall | 1 | |
| Scroll of Town Portal | 5 | |
| Potion of Healing | 1 | |
| Potion of Mana | 5 | |
| Potion of Lesser Invulnerability | 3 | |
| Scroll of Healing | 2 | |
| Boots of Speed | 1 | |
30 total
Chat log
(00:11 / All) Streets_of_Fire: I DONT UNDERSTAND TELL ME HOW YOU COLD BNE SO LLOW
(00:40 / All) GrandpaGimp: gl
(00:47 / Allies) the_retarded: archer to bears here
(00:54 / Allies) Toews19x: ghoul to garg
(02:51 / All) REDBRICKROAD: bad boy
(02:58 / All) GrandpaGimp: lol
(07:22 / All) REDBRICKROAD: truce teal
(07:27 / All) tendolla: nope
(07:58 / All) tendolla: oww
(09:23 / All) GrandpaGimp: so many mh in this game
(09:31 / All) RodTheGod: oh?
(09:44 / All) GrandpaGimp: anti-mh detects it
(09:49 / All) RodTheGod: who is mhing/
(09:50 / All) RodTheGod: ?
(13:11 / All) RodTheGod: nice trapped your own acolytes
(13:22 / All) GrandpaGimp: lol you srs?
(13:36 / All) RodTheGod: yeah you trapped them in the corner lol
(13:53 / All) GrandpaGimp: king of the obvious?
(15:26 / Allies) tendolla: finnaly able 2 build that was annoying
(15:36 / Allies) tendolla: noone wanted 2 leave me alone
(16:03 / All) Streets_of_Fire: basically he's mad
(16:07 / All) Streets_of_Fire: because I took expansion before him
(16:12 / All) Streets_of_Fire: I was already there creeping it
(16:16 / All) LemmeTry: yellow fucking nig
(16:28 / All) Streets_of_Fire: He said "both were my naturals" and they were syemtric
(16:31 / All) Streets_of_Fire: and wouldn't listen
(20:12 / Allies) RodTheGod: green are you mhing?
(20:23 / Allies) Toews19x: no..
(20:52 / Allies) Toews19x: im not mhing idiot
(20:57 / Allies) RodTheGod: prove it
(21:01 / Allies) RodTheGod: you're suspicious to me
(21:05 / Allies) Toews19x: how do i prove it to you..
(21:10 / Allies) tendolla: mh is useless anyway
(21:11 / Allies) RodTheGod: that's for you to figure out
(21:34 / Allies) tendolla: most the ppl that use mh still suck at the game
(21:38 / Allies) tendolla: and it does nothing 2 help
(22:09 / Allies) Toews19x: purple...
(22:12 / Allies) RodTheGod: maphacker
(22:13 / Allies) Toews19x: youre being an idiot
(22:16 / Allies) RodTheGod: I think you are a hacker
(23:07 / All) Streets_of_Fire: mher lol
(23:11 / All) RodTheGod: obvious hacker
(25:11 / Allies) tendolla: tower up ur stuff
(25:16 / Allies) tendolla: they gonna harras all game
(25:27 / Allies) Toews19x: purps just trying to tk me
(25:36 / Allies) RodTheGod: cuz you are a hacker
(25:37 / Allies) Toews19x: so its whatever
(25:37 / Allies) tendolla: they just trying to harras and tower
(25:42 / Allies) Toews19x: teal
(25:44 / Allies) Toews19x: dont you get it
(25:51 / Allies) Toews19x: when purple tks hes taking us both out
(25:57 / Allies) RodTheGod: stfu hacker
(26:02 / Allies) RodTheGod: stop trying to manipulate him
(26:02 / Allies) Toews19x: noobie
(26:23 / Allies) tendolla: purp y ruin the game at this point
(26:29 / Allies) Toews19x: hes not smart.
(26:31 / Allies) RodTheGod: good question, ask green it
(26:31 / Allies) Toews19x: its okay
(26:34 / Allies) RodTheGod: why ruin wc3 with hacks
(26:36 / Allies) RodTheGod: in 2015?
(26:59 / All) RodTheGod: The maphacker has been dealt with
(27:01 / Allies) Toews19x: do you honestly think this will be a "wow im not gonna hack now" moment?
(27:03 / All) RodTheGod: 0/0 food
(27:09 / Allies) RodTheGod: so you admit you are?
(27:26 / All) Streets_of_Fire: I think you need your expo more than I need mine LOL
(27:31 / All) RodTheGod: Admit it faggot green
(27:32 / All) RodTheGod: you hack
(27:35 / All) RodTheGod: stop denying it
(27:40 / All) RodTheGod: even yellow said there were mhers this game
(27:48 / All) Streets_of_Fire: It's obvious
(27:55 / All) RodTheGod: he's denying it all game
(27:55 / All) Streets_of_Fire: He revealled himself when he dusted my bm for no reason
(27:56 / Allies) Toews19x: including you. i have mh detector you idiot -.-
(28:03 / Allies) RodTheGod: lol
(28:07 / All) RodTheGod: Now he's trying to turn it on me
(28:10 / All) RodTheGod: and say I'm the mher
(28:17 / All) Toews19x: you revealed it when you purposely sent that bm windwalked into mine but leaving your units out of sight
(29:40 / All) RodTheGod: Hacker down
(29:44 / All) RodTheGod: peace at last
(29:45 / All) RodTheGod: ahhh
(29:48 / All) RodTheGod: green is eliminated
(29:57 / Allies) Toews19x: im staying all game buddy
(30:00 / Allies) Toews19x: like i care
(30:07 / Allies) Toews19x: its 2015. wc has been dead.
(30:10 / All) RodTheGod: he says "im staying all game buddy like i care"
(30:17 / All) RodTheGod: yeah it's dead because of hacker fags like you, boy
(30:34 / Allies) Toews19x: or dead because of the severe loss of players
(30:40 / All) RodTheGod: because of hacker fags like you, boy
(30:50 / All) RodTheGod: people quit from fags like you boy
(30:51 / Allies) tendolla: purp can u just end this plz
(30:55 / Allies) tendolla: kill blue
(30:58 / Allies) Toews19x: you call me "boy" but im oh so more accomplished than you.
(31:03 / Allies) RodTheGod: oh?
(31:05 / Allies) RodTheGod: how so? haha
(31:07 / Allies) RodTheGod: what've you done babe?
(31:16 / Allies) RodTheGod: Teal if I help you win a maphacker would too
(31:27 / Allies) RodTheGod: green what've you done? what makes you so accomplished?
(31:41 / Allies) Toews19x: lol nigga im a signed musician. ive toured 45 states since january alone. what are you doing
(31:49 / Allies) tendolla: lol that is stupid
(31:51 / Allies) RodTheGod: I'm a musician too actually, what kind of music do you play
(31:55 / Allies) tendolla: mh is useless
(32:08 / All) RodTheGod: Green says he's a musician who has toured 45 states
(32:11 / Allies) Toews19x: i can gaurentee you are nowhere near me
(32:17 / All) RodTheGod: Green what kind of music do you play? what's your band name?
(32:35 / Allies) Toews19x: Counterparts from hamilton ontario
(32:45 / Allies) RodTheGod: I play classical violin so I think I'm way above you actually, I bet you're some plebeian who plays popular music garbage
(32:47 / Allies) RodTheGod: rather than art music
(32:54 / Allies) Toews19x: so what are you doing with it
(33:07 / Allies) Toews19x: oh, nothing?
(33:09 / Allies) RodTheGod: studying early music
(33:16 / Allies) Toews19x: studying lol
(33:19 / Allies) Toews19x: LOL
(33:21 / Allies) RodTheGod: and traditional music, making reconstructions of music of ancient civilisations
(33:24 / All) REDBRICKROAD: any chance red hacks?
(33:35 / All) Streets_of_Fire: asfdfsadfsdafsad
(33:41 / All) the_retarded: ?
(33:51 / All) RodTheGod: Green you still haven't said what kind of music you play
(33:53 / All) the_retarded: my team mad just haha noob you got your chance
(34:04 / All) REDBRICKROAD: wait what
(34:06 / All) REDBRICKROAD: who u calling noob
(34:10 / Allies) Toews19x: i told you my band name you idiot. you could easy just youtube/itunes/spotify that
(34:15 / All) tendolla: every1 in this game is
(34:20 / Allies) Toews19x: its way easier to just listen to than to explain
(34:26 / All) RodTheGod: Oh from Ontario
(34:27 / Allies) Toews19x: idiot.
(34:32 / All) RodTheGod: you're a shitty melodic hardcore band?
(34:43 / Allies) Toews19x: as if you knew
(35:00 / All) Streets_of_Fire: nvm
(35:01 / All) Streets_of_Fire: lol
(35:07 / All) RodTheGod: do you think you're better than me as a musician for playing popular shitty hardcore punk
(35:14 / Allies) Toews19x: oh yes i do.
(35:15 / All) the_retarded: yeah nvm lol u think you good hahahah poor noob
(35:16 / All) RodTheGod: are you brendan murphy
(35:20 / All) RodTheGod: jesse doren
(35:25 / All) RodTheGod: or adrian lee lol
(35:25 / All) REDBRICKROAD: red why are u calling us noob
(35:31 / Allies) Toews19x: none of above
(35:33 / All) RodTheGod: or the bassist or drummer
(35:39 / All) RodTheGod: Brian Kaczmarczyk ?
(35:46 / All) RodTheGod: Kelly Bilan?
(35:49 / All) tendolla: cause every1 here is
(35:51 / All) tendolla: is y
(36:10 / All) RodTheGod: You have some dime a dozen band no one will remember in 20 years big whoop
(36:15 / Allies) Toews19x: LOL
(36:50 / All) RodTheGod: how much money does your horrendous music make?
(37:03 / Allies) Toews19x: as if it was about money in the first place.
(37:11 / Allies) Toews19x: thats why im above you as a musician
(37:31 / All) RodTheGod: Well if you play shit that bad I'd think it was for the money and fame
(37:43 / Allies) Toews19x: experience, passion, adventure over everything
(37:53 / All) tendolla: purp u sound like 1 of those prudes noone likes
(38:04 / Allies) Toews19x: exactly teal
(38:05 / All) RodTheGod: "experience, passion, adventure" over pursuing playing hundreds of years of music history and studying classical violin
(38:06 / Allies) Toews19x: thankyou.
(38:15 / All) RodTheGod: lawl
(38:39 / Allies) Toews19x: connecting with kids out there now on a personal level as compared to studying a violin book from the 1800s
(38:50 / Allies) Toews19x: thats not even a question
(38:59 / All) RodTheGod: do you act like the clown you are in wc3 irl?
(39:09 / Allies) Toews19x: what "clown" is that
(39:10 / All) RodTheGod: I'm sure you connect with kids real good if you act this autistic LOL
(39:14 / Allies) Toews19x: i play this game like twice a month
(39:56 / All) RodTheGod: you're as bad at the game as you are at music
(40:13 / All) tendolla: ur no better
(40:13 / Allies) Toews19x: lol, learn one of our songs on any instrument and film a cover for me
(40:29 / All) RodTheGod: I doubt your 'hardcore' garbage is playable on classical and traditional instruments
(40:37 / All) RodTheGod: why would I learn it when I could learn something good
(40:47 / Allies) Toews19x: lol ignorance at its best
(40:58 / Allies) Toews19x: bash it when you have 0 idea what you're talking about to begin with
(41:04 / All) tendolla: purp just cause u think something good dont mean it is
(41:08 / All) RodTheGod: educate me on the value of your music, even a shit contemporary composer would make better
(41:14 / All) RodTheGod: since they spend years studying music theory
(41:23 / Allies) Toews19x: the value of our music? i already told you.
(41:44 / Allies) Toews19x: putting passion before everything. doing something that matters. connecting with people
(41:45 / All) RodTheGod: oh yeah you connect with youth since they enjoy the same kind of trash
(42:04 / Allies) Toews19x: ignorant
(42:04 / All) RodTheGod: I'm very passionate about my studying and playing and have a lot of people to connect with
(42:08 / All) RodTheGod: plus it's actually intellectual
(42:27 / Allies) Toews19x: you have the impression my type of music is not intellectual, and its just crap
(42:34 / All) RodTheGod: it's not just an impression lol
(42:37 / All) tendolla: there is a difference from that and being some1 with a divk up there ass
(43:00 / Allies) Toews19x: a very big dick up their ass indeed
(43:03 / All) RodTheGod: lol
(43:20 / Allies) Toews19x: #outnumbered
(43:35 / All) RodTheGod: Ohhhh he's hashtagging me now apparently, #outnumbered
(43:42 / All) RodTheGod: retard lawl
(43:52 / Allies) tendolla: k u do something cleaver
(43:53 / All) RodTheGod: you never did say which band member you are
(43:58 / Allies) RodTheGod: "cleaver"
(44:11 / All) RodTheGod: are you the drummer or bassist green, you said you aren't any of the others
(44:21 / Allies) tendolla: u did it:O
(44:32 / Allies) Toews19x: why should i have to specify anything further?
(44:44 / Allies) Toews19x: lets hear what successful band you play in?
(44:58 / Allies) Toews19x: or some big accomplishments youve achieved
(45:00 / All) RodTheGod: I don't play in "bands" I play solo and I'm hoping to play in some orchestras
(45:04 / All) Toews19x: if you kill the tower its over
(45:15 / All) REDBRICKROAD: green why are you telling me this
(45:16 / Allies) Toews19x: hoping. lol
(45:37 / All) REDBRICKROAD: is ur brand really famous green
(45:39 / All) RodTheGod: Well, I've not been playing for more than a few years so I'm not even looking for one yet
(45:43 / All) Toews19x: my brand, yes
(46:03 / All) REDBRICKROAD: how much do u make a year on average
(46:04 / Allies) Toews19x: so why do you believe youre a better musician? because you study classical?
(46:09 / Allies) RodTheGod: Yes
(46:15 / All) Toews19x: probably less than a grand
(46:15 / Allies) RodTheGod: art music is better than your shit any day
(46:26 / Allies) Toews19x: opinion speaks.
(46:32 / Allies) tendolla: lol u automaticly lost
(46:40 / Allies) tendolla: classical or nothing
(46:42 / Allies) tendolla: really
(46:53 / Allies) RodTheGod: traditional music is good too
(46:57 / Allies) tendolla: how about whatever sounds good
(47:00 / Allies) tendolla: and thats it
(47:06 / Allies) Toews19x: thankyou teal
(47:06 / Allies) RodTheGod: then you wouldn't want to listen to "melodic hardcore"
(47:14 / Allies) Toews19x: LOL
(47:20 / Allies) RodTheGod: composers spent centuries perfecting what "sounds good"
(47:56 / Allies) tendolla: ya they dont live longer then the rest of us
(48:15 / Allies) RodTheGod: they survive forever, no one forgets them
(48:23 / Allies) Toews19x: couldnt i counter argue the fact that traditonal music has been around forever.
(48:30 / Allies) Toews19x: and the fact its been done so many times
(48:37 / Allies) tendolla: different ppl different sound
(48:39 / Allies) Toews19x: how is it even essentially original anymore
(48:43 / Allies) RodTheGod: classical music pieces get performed tons of times, what's your point
(49:00 / Allies) Toews19x: wheres the creativity in that
(49:05 / Allies) RodTheGod: there's a lot more to traditional music and it's much more interesting than popular
(49:11 / Allies) Toews19x: you study music that has been done forever
(49:11 / Allies) RodTheGod: with it spanning from the stone age to today
(49:14 / All) Streets_of_Fire: lawl he finally squelched me "grow up kid"
(49:21 / Allies) RodTheGod: there's infinite ways of performing traditional music dude
(49:30 / All) Streets_of_Fire: he had a big grin on his face when he failed his tk lol
(49:30 / Allies) RodTheGod: and infinite ways to innovate with it and reinterpret pieces
(49:32 / Allies) RodTheGod: same as classical
(49:33 / All) Streets_of_Fire: o'tay
(49:37 / All) Streets_of_Fire: told me to play solo
(49:47 / All) Streets_of_Fire: these people on here are retarded
(49:50 / All) REDBRICKROAD: grandpa gimp?
(49:59 / Allies) Toews19x: youre putting me to sleep just reading that haha
(50:04 / Allies) RodTheGod: in traditional music archaeology can come into play for example, reconstructing what pieces like e.g: the chanson of roland
(50:07 / Allies) RodTheGod: would have sounded like
(50:19 / Allies) Toews19x: lol, you sound like such a dweeb
(50:28 / Allies) tendolla: i told u
(50:31 / Allies) RodTheGod: I wouldn't be such a dick about what I study having more value if you weren't such an idiot to begin with
(50:34 / Allies) Toews19x: you prefer books, i prefer originality. simple as that
(50:38 / Allies) RodTheGod: haha
(50:42 / Allies) tendolla: i knew he was 1 of those already
(50:44 / Allies) RodTheGod: yeah so much more original to play derivative rock music
(50:49 / Allies) tendolla: after 30 seconds of talking
(51:04 / Allies) RodTheGod: rather than coming up with your own based off of millenia of development
(51:07 / Allies) tendolla: probably has some fancy stash
(51:11 / Allies) Toews19x: lol our timings and chord progressions...
(51:14 / Allies) tendolla: goofy hair
(51:19 / All) REDBRICKROAD: da trees got me
(51:23 / Allies) RodTheGod: is timings and chord progressions all the originality in your music
(51:42 / Allies) RodTheGod: you just have generic rock instruments too
(51:52 / All) REDBRICKROAD: teal and green still hereh lawl
(51:53 / All) REDBRICKROAD: wtf
(51:54 / Allies) Toews19x: once you learn a cover. i will take back everything i said
(51:56 / All) REDBRICKROAD: teal y u here
(52:04 / Allies) RodTheGod: why would I cover one of your songs lol, waste of time
(52:13 / Allies) Toews19x: lol as if you could
(52:18 / All) tendolla: cause im tired and bored
(52:18 / Allies) Toews19x: ANY instrument
(52:25 / All) Streets_of_Fire: iight
(52:28 / Allies) RodTheGod: yeah I'm sure the classical music I'm playing is nowhere near as hard as your masterpieces
(52:36 / All) Streets_of_Fire: end at your pleasure
(52:48 / Allies) Toews19x: we have a couple guitar playthroughs on youtube if you need some insight
(52:53 / Allies) RodTheGod: try playing classical guitar
(52:53 / All) tendolla: i dont understand
(52:56 / Allies) RodTheGod: and doing some chamber music
(52:59 / Allies) RodTheGod: you couldn't
(53:02 / All) tendolla: y u guys couldnt get the tower
(53:08 / All) tendolla: dont u have bases
(53:17 / Allies) RodTheGod: since it's not just wailing around with 3 chords like in the kind of shit you play
(53:26 / All) Streets_of_Fire: I was eradicating every vestage of blue's control in this game
(53:28 / All) Streets_of_Fire: first
(53:36 / Allies) RodTheGod: but I doubt you even know what "chamber music is"
(53:42 / Allies) Toews19x: cover the song, then you can decide
(53:45 / Allies) RodTheGod: lol
(54:10 / Allies) Toews19x: we dont have any books on our music, so if that poses a problem i understand
(54:21 / Allies) RodTheGod: Yeah I learn traditional music by ear buddy that isn't hard
(54:25 / Allies) RodTheGod: I'm an ear player
(54:42 / Allies) Toews19x: okay, then you should have no problem learning our chords
(54:43 / Allies) RodTheGod: "traditional music" is passed down and learned orally in folk cultures, you don't need books for it
(54:48 / All) Streets_of_Fire: your band sucks if that's really your band
(54:55 / All) RodTheGod: lawl pink agrees
(54:56 / All) Streets_of_Fire: but seems semi-popular
(55:02 / All) Streets_of_Fire: so I'm sure you get a lot of poon
(55:05 / All) Toews19x: its okay
(55:17 / All) Toews19x: misguided
(55:34 / All) RodTheGod: Pink whose music has more value, his or the classically trained violinists'?
(55:47 / All) Streets_of_Fire: violin
(55:52 / All) Toews19x: value? yours... obviously. that wasnt the argument
(55:52 / All) tendolla: chicken
(56:02 / All) RodTheGod: I'm glad you finally admit my music is better
(56:10 / All) Toews19x: better? thats opinion
(56:19 / All) Streets_of_Fire: It's not
(56:31 / All) Streets_of_Fire: Just like people that argue that beauty is in the eye of the behold
(56:32 / All) Streets_of_Fire: er
(56:36 / All) Streets_of_Fire: when it comes to looks
(56:41 / All) Toews19x: going afk till games over! :)
(56:48 / All) RodTheGod: Any final words for us?
(56:50 / All) tendolla: some ppl like fat others dont
(56:53 / All) Streets_of_Fire: but there's many studies on beautiful faces
(57:00 / All) Streets_of_Fire: and how our preference for them is hardwired
(57:07 / All) tendolla: on 1s w more eggs
(57:08 / All) Streets_of_Fire: That's mental illness